 Dungeon Crawl Stone Soup version 0.29.1-1-gd02db6906a (webtiles) character file.

Game seed: 549723465565924654

811 Sanktem7 the Fighter (level 7, 0/68 HPs)
             Began as a Minotaur Fighter on Oct 2, 2022.
             Slain by an ogre
             ... wielding a +0 giant club
              (37 damage)
             ... on level 5 of the Dungeon.
             The game lasted 00:09:15 (4356 turns).

Sanktem7 the Fighter (Minotaur Fighter)             Turns: 4356, Time: 00:09:16

Health: 0/68       AC: 12    Str: 23    XL:     7   Next: 61%
Magic:  6/6        EV:  6    Int:  5    God:
Gold:   124        SH:  4    Dex:  9    Spells: 6/6 levels left

rFire   . . .      SeeInvis .   a - +0 war axe {axe}
rCold   . . .      Faith    .   c - +0 buckler
rNeg    + . .      Spirit   .   K - +0 plate armour
rPois   .          Reflect  .   (helmet restricted)
rElec   .          Harm     +   v - scarf {harm}
rCorr   .          Rampage  .   (no gloves)
Will    .....                   p - +0 pair of boots
Stlth   ..........              (no amulet)
HPRegen 0.21/turn               C - ring of positive energy
MPRegen 0.10/turn               (no ring)

@: no status effects
A: horns 2, retaliatory headbutt
a: no special abilities


You were on level 5 of the Dungeon.
You visited 1 branch of the dungeon, and saw 5 of its levels.

You collected 124 gold pieces.


Innate Abilities, Weirdness & Mutations

You have a pair of horns on your head.
You reflexively headbutt those who attack you in melee.


   Skills:
 * Level 8.1 Fighting
 * Level 7.6 Axes
 - Level 3.6 Armour
 - Level 3.6 Shields


You had 6 spell levels left.
You didn't know any spells.
Your spell library contained the following spells:

 Spells                   Type           Power      Damage    Failure   Level
 Beastly Appendage        Tmut           0%         N/A       100%        1
 Poisonous Vapours        Pois/Air       0%         N/A       100%        2
 Wereblood                Tmut           0%         N/A       100%        2
 Spider Form              Tmut/Pois      0%         N/A       100%        3
 Anguish                  Hex/Necr       0%         N/A       100%        4

Inventory:

Hand Weapons
 a - a +0 war axe (weapon) {axe}
 b - the +4 spear of the Eternal Void {vorpal, rC+ rCorr, polearm}
   (You took it off an orc on level 3 of the Dungeon)

   It inflicts extra damage upon your enemies.
   rC:        It protects you from cold.
   rCorr:     It protects you from acid and corrosion.
 s - a +2 dagger of draining {short}
   (You took it off Jessica on level 2 of the Dungeon)
Missiles
 e - 9 boomerangs (quivered) {throwing}
 g - 71 stones {throwing}
 E - 5 poisoned darts {throwing}
Armour
 c - a +0 buckler (worn)
 h - a +0 robe
   (You took it off an orc wizard on level 5 of the Dungeon)
 l - a +0 plate armour
   (You took it off an orc on level 5 of the Dungeon)
 p - a +0 pair of boots (worn)
   (You found it on level 1 of the Dungeon)
 t - a +0 leather armour
   (You took it off an orc on level 5 of the Dungeon)
 v - a scarf of harm (worn)
   (You found it on level 3 of the Dungeon)
 K - a +0 plate armour (worn)
   (You found it on level 3 of the Dungeon)
Jewellery
 C - a ring of positive energy (left hand)
   (You found it on level 3 of the Dungeon)
Wands
 x - a wand of quicksilver (6)
   (You found it on level 2 of the Dungeon)
Scrolls
 k - 3 scrolls of teleportation {unknown}
 m - a scroll of noise {unknown}
 o - 6 scrolls of identify {unknown}
 r - a scroll of amnesia {unknown}
 D - a scroll of magic mapping {unknown}
 L - a scroll of poison {unknown}
Potions
 d - a potion of might
 f - 6 potions of curing {unknown}
 i - a potion of degeneration {unknown}
 j - 3 potions of flight {unknown}
 n - 3 potions of lignification {unknown}
 q - a potion of haste {unknown}
 B - a potion of resistance {unknown}
 M - a potion of mutation {unknown}

Dungeon Overview and Level Annotations

Branches:
Dungeon (5/15) Zot: 25574
 Temple: D:4-7

Altars:
Makhleb
Qazlal
The Shining One

###########
#######..........
###............####
#.#.#####.........# #
#..##.........##.# #.
##....##..........
###.#..#####....)###.#
#....@..# #.###.))..#
#.##O#.......# #.#.#.#
#.##.###### #..)... .:
.# .. ##....# .#. ..
...###.#..# ..#. .#.
........## .. .. .#..
..##...... $## #. ..
#.#.#.. #......


You could see an ogre.


Message History

An orc comes into view. It is wielding a +0 club.
You slash the orc!
You kill the orc!
Your Fighting skill increases to level 8! 😎 HP[+1]
You now have 68 max hp (+1).
Your hp is fully restored (68).
You hit the orc priest. Your headbutt misses the orc priest.
You closely miss the orc.
The orc priest hits you but does no damage.
You barely miss the orc priest. Your headbutt misses the orc priest.
You hit the orc. The orc hits you but does no damage.
The orc priest hits you but does no damage.
The orc hits you but does no damage. x2; The orc closely misses you.
You furiously retaliate!
You headbutt the orc, but do no damage.
The orc priest hits you but does no damage.
You slice the orc!!
You kill the orc!
You hit the orc priest. You barely miss the orc. The orc closely misses you.
You slash the orc priest!
You kill the orc priest!
You slash the orc!
You kill the orc!
The orc hits you but does no damage.
You barely miss the orc. Your headbutt misses the orc.
The orc hits you but does no damage.
You hit the orc wizard. You headbutt the orc wizard. You barely miss the orc.
The orc hits you but does no damage. x2
The orc wizard points at you and mumbles some strange words.
You resist with some effort. The orc hits you but does no damage.
The orc wizard hits you but does no damage.
The orc hits you but does no damage.
You closely miss the orc wizard. You closely miss the orc.
The orc hits you but does no damage. The orc wizard barely misses you.
You block the orc's attack.
You hit the orc wizard. You headbutt the orc wizard.
You kill the orc wizard!
You closely miss the orc. You block the orc's attack.
The orc hits you but does no damage.
You slash the orc!
You kill the orc!
You hit the orc but do no damage. The orc hits you but does no damage.
You block the orc's attack.
You slash the orc!
You kill the orc!
The orc barely misses you. The orc barely misses you.
Items here: ( ))) ? [[ ††.
You closely miss the orc. The orc hits you but does no damage.
You slash the orc!
You kill the orc!
You hit the orc. The orc barely misses you.
You closely miss the orc. The orc hits you but does no damage.
The orc barely misses you.
You hit the orc but do no damage. Your headbutt misses the orc.
You block the orc's attack.
You slash the orc!
You kill the orc!
No target in view!
No target in view!
No target in view!
No target in view!
No target in view!
No target in view!
No target in view!
No target in view!
No target in view!
No target in view!
No target in view!
e - 9 boomerangs {throwing} (gained 3);
h - a +0 robe;
l - a +0 plate armour
o - 6 scrolls labelled UQEYPOSILU (gained 1)
Items here: ))) ††.
t - a +0 leather armour
Things that are here:
a +0 dagger {short}; a +0 trident {polearm}; an orc corpse
Found an escape hatch in the ceiling.
An ogre comes into view. It is wielding a +0 giant club.
The ogre shouts!
An ogre is nearby!
The ogre hits you with a +0 giant club! 😕 HP[-8]
You take 8 damage, and now have 60/68 hp.
You slash the ogre! You hit the ogre but do no damage. You headbutt the ogre.
The ogre hits you with a +0 giant club! 😮 HP[-16]
You take 16 damage, and now have 44/68 hp.
MASSIVE DAMAGE!! (PAUSE)
You are too injured to fight recklessly!
You are too injured to fight recklessly!
You are too injured to fight recklessly!
You are too injured to fight recklessly!
You are too injured to fight recklessly!
You hit the ogre.
The ogre hits you with a +0 giant club! 😮 HP[-7]
You take 7 damage, and now have 37/68 hp.
You closely miss the ogre. The ogre hits you but does no damage.
You hit the ogre.
The ogre hits you with a +0 giant club!!
Ouch! That really hurt!
You die...

Skill      XL: |  1  2  3  4  5  6  7 |
---------------+----------------------+-----
Fighting       | 4 5 6 7 8 |  8.1
Axes           | 3 4 5 6 7 |  7.6
Armour         | |  3.6
Shields        | |  3.6

Action                   |  1- 3 |  4- 6 |  7- 9 || total
-------------------------+-------+-------+-------++-------
Melee: War axe           |    57 |   107 |    38 ||   202
       Headbutt          |     8 |    10 |     4 ||    22
Armor: Scale mail        |    17 |       |       ||    17
       Chain mail        |     5 |    23 |       ||    28
       Plate armour      |       |    44 |    32 ||    76
Dodge: Dodged            |    21 |    44 |    10 ||    75
Block: Buckler           |     8 |    19 |     7 ||    34

Levels and vault maps discovered:
D:1:      ncdulo_wetmaze, layout_rooms, minmay_pentomino_u4
D:2:      layout_loops_corners, dreamdust_ecumenical_altar_hidden_monk_grotto,
          nicolae_figureground_sparkle, uniq_jessica
D:3:      layout_basic, biasface_ghost_orc_armoury, grunt_ministairs_8,
          corner_web_ring, minivault_19, minmay_lizard_king,
          uniq_crazy_yiuf_cottage
D:4:      layout_basic, lemuel_coloured_pillars_altar,
          amethyst_overflow_temple_binary
D:5:      layout_loops_cross, minmay_misc_feat_five, corexii_checkpoint_a,
          minmay_misc_feat_more_columns

Notes
Turn   | Place    | Note
-------+----------+-------------------------------------------
     0 | D:1      | Sanktem7 the Minotaur Fighter began the quest for the Orb.
     0 | D:1      | Reached XP level 1. HP: 19/19 MP: 0/0
     0 | D:1      | magus.rc [v1.9.6]
    86 | D:1      | Reached skill level 4 in Fighting
    88 | D:1      | Reached skill level 3 in Axes
    88 | D:1      | Reached XP level 2. HP: 23/27 MP: 1/1
   236 | D:1      | You pick up a book of Changes and begin reading...
   236 | D:1      | You add the spells Beastly Appendage, Wereblood and Spider
                  | Form to your library.
   817 | D:2      | Reached XP level 3. HP: 34/34 MP: 2/2
   839 | D:2      | You add the spells Poisonous Vapours and Anguish to your
                  | library.
   839 | D:2      | Got the Compilation of Unholy Lightning
   880 | D:2      | Noticed Jessica
   883 | D:2      | Killed Jessica
   950 | D:2      | Reached skill level 4 in Axes
  1115 | D:2      | Reached skill level 5 in Fighting
  1115 | D:2      | Reached XP level 4. HP: 42/42 MP: 3/3
  1716 | D:2      | Found a faded altar of an unknown god.
  2155 | D:3      | Noticed a scorpion
  2163 | D:3      | Killed a scorpion
  2164 | D:3      | Reached XP level 5. HP: 40/49 MP: 4/4
  2258 | D:3      | Noticed Sabo's ghost (amateur OpAE)
  2259 | D:3      | Found a runed translucent gate.
  2259 | D:3      | Found a runed translucent gate.
  2259 | D:3      | Found a runed translucent gate.
  2260 | D:3      | Identified the +4 spear of the Eternal Void {vorpal, rC+
                  | rCorr}
  2494 | D:3      | Reached skill level 5 in Axes
  2724 | D:3      | Killed Sabo's ghost
  2725 | D:3      | Reached skill level 6 in Fighting
  2962 | D:4      | Reached XP level 6. HP: 49/58 MP: 5/5
  3031 | D:4      | Reached skill level 6 in Axes
  3131 | D:4      | Reached skill level 7 in Fighting
  3331 | D:4      | Reached XP level 7. HP: 64/66 MP: 6/6
  3486 | D:4      | Found a stormy altar of Qazlal.
  3561 | D:4      | Reached skill level 7 in Axes
  4138 | D:4      | Found a glowing golden altar of the Shining One.
  4150 | D:4      | Found a burning altar of Makhleb.
  4269 | D:5      | Entered Level 5 of the Dungeon
  4301 | D:5      | Reached skill level 8 in Fighting
  4356 | D:5      | Slain by an ogre

Vanquished Creatures
  2 black bears (D:4)
  A centaur (D:4)
  The ghost of Sabo the Gusty, an amateur OpAE (D:3)
  A phantom (D:4)
  3 scorpions
  An orc priest (D:5)
  A hound (D:4)
  Jessica (D:2)
  An orc wizard (D:5)
  An adder (D:2)
  A worm (D:2)
  3 dart slugs
  20 orcs
  5 ball pythons
  12 endoplasms
  4 goblins
  10 hobgoblins
  2 jackals (D:2)
  3 kobolds
  A quokka (D:1)
  7 bats
  11 frilled lizards
  5 rats
97 creatures vanquished.

Vanquished Creatures (others)
  7 plants (D:3)
7 creatures vanquished.

Grand Total: 104 creatures vanquished

Table legend:
 A = Non-vault XP
 B = Vault XP
 C = Vault XP percentage of total XP
 D = Non-vault monster count
 E = Vault monster count
 F = Vault count percentage of total count
                 A         B        C        D         E       F
            +---------+---------+-------+---------+---------+-------
      Total |     980 |     179 |  15.4 |      76 |      21 |  21.6
            +---------+---------+-------+---------+---------+-------
        D:1 |      32 |       5 |  13.5 |      19 |       2 |   9.5
        D:2 |      40 |      37 |  48.1 |      16 |       1 |   5.9
        D:3 |     122 |     137 |  52.9 |      19 |      18 |  48.6
        D:4 |     687 |       0 |   0.0 |      13 |       0 |   0.0
        D:5 |      99 |       0 |   0.0 |       9 |       0 |   0.0
            +---------+---------+-------+---------+---------+-------

Illustrated notes

Table legend:
 A = Kills in this place as a percentage of kills in entire the game.
 B = Kills by you in this place as a percentage of kills by you in the entire game.
 C = Kills by friends in this place as a percentage of kills by friends in the entire game.
 D = Other kills in this place as a percentage of other kills in the entire game.
 E = Experience gained in this place as a percentage of experience gained in the entire game.
 F = Experience gained in this place divided by the number of levels of this place that you have seen.
                   A       B       C       D       E      F
               +-------+-------+-------+-------+-------+----------------------
         Total | 100.0 | 100.0 |   N/A |   N/A | 100.0 | 231.8
       Dungeon | 100.0 | 100.0 |   N/A |   N/A | 100.0 | 231.8
               +-------+-------+-------+-------+-------+----------------------

Table legend: (Time is in decaauts)
 A = Elapsed time spent in this place.
 B = Non-inter-level travel time spent in this place.
 C = Inter-level travel time spent in this place.
 D = Time resting spent in this place.
 E = Time spent auto-exploring this place.
 F = Levels seen in this place.
 G = Mean time per level.
                   A        B        C        D        E       F      G
               +--------+--------+--------+--------+--------+-----+--------+
         Total |   4424 |   4155 |    269 |      0 |   3582 |   5 |  884.8 |
       Dungeon |   4424 |   4155 |    269 |      0 |   3582 |   5 |  884.8 |
               +--------+--------+--------+--------+--------+-----+--------+

Top non-repeatable levels by time:
     D:4: 1324 daAuts
     D:3: 1179 daAuts
     D:2: 1027 daAuts
     D:1: 802 daAuts
     D:5: 90 daAuts
